Map: Vaani Research Station (Void)

Players

INnoVation

  • Race: Terran Terran
  • Spawn Location: 6:00

Kelazhur - Winner!

  • Race: Terran Terran
  • Spawn Location: 12:00

Event: NationWars IV

VOD

Have the link to the VOD?

Description

Time

  • Played on: Jan. 6, 2017, 12:53 p.m.
  • Length: 4:50
Show
View Real Time Build Order
Export as new Build Order

INnoVation Terran 

Build Orders: 1/1/1, Cyclone Opening 

Get SALT Encoding   

  12  0:00  SCV  
  13  0:13  SCV  
  14  0:18  Supply Depot  
  14  0:25  SCV  
  15  0:29  Refinery  
  15  0:39  SCV  
  16  0:46  Barracks  
  16  0:51  SCV  
  16  0:56  Refinery  
  17  1:03  SCV  
  18  1:15  SCV  
  19  1:32  Orbital Command  
  19  1:33  Reaper  
  19  1:37  Factory  
  20  1:47  Supply Depot  
  20  1:58  SCV  
  21  2:05  Reaper  
  22  2:10  SCV  
  23  2:21  Cyclone  
  23  2:22  Starport  
  26  2:23  SCV  
  27  2:32  Supply Depot  
  27  2:35  SCV  
  28  2:37  Barracks Tech Lab  
  28  2:47  SCV  
  29  2:59  SCV  
  29  3:05  Banshee, Cyclone  
  36  3:08  Supply Depot  
  36  3:16  Supply Depot  
  28  3:30  SCV  
  28  3:37  Cyclone  
  28  3:39  Marine  
  20  3:51  Banshee  
  15  3:59  SCV  
  15  4:12  Marine  
Show
View Real Time Build Order
Export as new Build Order

Kelazhur Terran - Winner!

Build Orders: Cyclone Opening 

Get SALT Encoding   

  12  0:00  SCV  
  13  0:12  SCV  
  14  0:17  Supply Depot  
  14  0:24  SCV  
  15  0:29  Refinery  
  15  0:39  SCV  
  16  0:48  Barracks  
  16  0:51  SCV  
  17  1:03  SCV  
  18  1:08  Refinery  
  18  1:15  SCV  
  19  1:27  SCV  
  20  1:36  Factory  
  20  1:39  Orbital Command  
  20  1:41  Barracks Reactor  
  20  1:48  Supply Depot  
  20  2:05  SCV  
  21  2:17  SCV  
  22  2:23  Marine  
  22  2:25  Cyclone x2  
  22  2:28  Supply Depot  
  29  2:31  SCV  
  30  2:41  Marine  
  31  2:49  SCV  
  32  2:57  Cyclone x2  
  38  3:05  Supply Depot  
  38  3:10  Marine  
  33  3:29  Cyclone  
  33  3:30  Marine  
  33  3:32  SCV  
  38  3:52  SCV, Engineering Bay  
  38  3:54  Starport  
  32  3:56  Cyclone  
  32  3:58  Marine  
  33  4:06  SCV  
  33  4:09  Cyclone  
  36  4:18  SCV  
  37  4:25  Missile Turret  
  37  4:30  SCV  
Tags
 
Add a new tag
Caveats
  • Supply blocks, unpowered buildings, or Contaminate may cause inaccurate times.
  • Supply counts are checked every 10 seconds.